 Dungeon Crawl Stone Soup version 0.29.0-7-g18a832c13a (webtiles) character file.

Game seed: 4326749536644422734

3849 voltaire321 the Shield-Bearer (level 9, -2/79 HPs)
             Began as a Minotaur Fighter on Aug 31, 2022.
             Was an Initiate of Wu Jian.
             Killed from afar by an orc wizard (5 damage)
             ... with a magic dart
             ... on level 8 of the Dungeon.
             The game lasted 00:16:14 (7744 turns).

voltaire321 the Shield-Bearer (Minotaur Fighter)    Turns: 7744, Time: 00:16:15

Health: -2/79      AC: 11    Str: 23    XL:     9   Next: 98%
Magic:  8/8        EV: 11    Int:  2    God:    Wu Jian [......]
Gold:   402        SH:  5    Dex: 10    Spells: 8/8 levels left

rFire   + . .      SeeInvis .   a - +0 war axe
rCold   . . .      Faith    .   c - +0 buckler
rNeg    . . .      Spirit   .   E - +2 scale mail of Impa {rPois rF+ Will++ Int-5}
rPois   +          Reflect  .   (helmet restricted)
rElec   .          Harm     .   (no cloak)
rCorr   +          Rampage  .   t - +0 pair of gloves
Will    ++...                   (no boots)
Stlth   ..........              (no amulet)
HPRegen 0.23/turn               u - ring of resist corrosion
MPRegen 0.11/turn               (no ring)

@: no status effects
A: horns 2, retaliatory headbutt
a: Renounce Religion


You were on level 8 of the Dungeon.
You worshipped Wu Jian.
Wu Jian was noncommittal.
You visited 2 branches of the dungeon, and saw 9 of its levels.

You collected 402 gold pieces.

Inventory:

Hand Weapons
 a - a +0 war axe (weapon)
Missiles
 g - 7 poisoned darts (quivered)
Armour
 c - a +0 buckler (worn)
 t - a +0 pair of gloves (worn)
 C - a +1 scale mail of willpower
 E - the +2 scale mail of Impa (worn) {rPois rF+ Will++ Int-5}
   (You found it on level 7 of the Dungeon)

   Int:       It affects your intelligence (-5).
   rF:        It protects you from fire.
   rPois:     It protects you from poison.
   Will:      It greatly increases your willpower.
Jewellery
 u - a ring of resist corrosion (left hand)
 v - an amulet of magic regeneration
 G - an amulet of faith
Wands
 f - a wand of flame (27)
 x - a wand of quicksilver (5)
 y - a wand of charming (6)
 D - a wand of mindburst (3)
 I - a wand of iceblast (9)
Scrolls
 d - 5 scrolls of poison {unknown}
 h - a scroll of torment {unknown}
 l - 9 scrolls of identify {unknown}
 m - 5 scrolls of teleportation {unknown}
 p - 2 scrolls of vulnerability {unknown}
 q - 2 scrolls of immolation {unknown}
 r - 2 scrolls of magic mapping {unknown}
 A - a scroll of noise {unknown}
 B - a scroll of blinking {unknown}
 H - a scroll of butterflies {unknown}
Potions
 b - a potion of lignification {unknown}
 e - a potion of curing {unknown}
 i - 3 potions of heal wounds {unknown}
 j - a potion of berserk rage {unknown}
 k - 2 potions of brilliance {unknown}
 n - 2 potions of attraction {unknown}
 o - 2 potions of resistance {unknown}
 s - 2 potions of mutation {unknown}
 w - a potion of cancellation {unknown}
 z - a potion of haste {unknown}
 F - a potion of degeneration {unknown}


   Skills:
 + Level 7.4 Fighting
 + Level 6.9 Axes
 + Level 5.2 Throwing
 + Level 7.4 Armour
 + Level 5.7 Dodging
 + Level 7.5 Shields
 + Level 4.7 Evocations


You had 8 spell levels left.
You didn't know any spells.
Your spell library contained the following spells:

 Spells                   Type           Power      Damage    Failure   Level
 Magic Dart               Conj           0%         1d3       88%         1
 Searing Ray              Conj           0%         2d4       96%         2
 Ozocubu's Armour         Ice            0%         N/A       99%         3
 Airstrike                Air            0%         2d(0-16)  100%        4
 Cause Fear               Hex            0%         N/A       100%        4
 Fulminant Prism          Conj/Hex       0%         3d6       100%        4
 Summon Lightning Spire   Summ/Air       0%         N/A       100%        4
 Lightning Bolt           Conj/Air       0%         1d11      100%        5
 Metabolic Englaciation   Hex/Ice        0%         N/A       100%        5
 Simulacrum               Ice/Necr       0%         N/A       100%        6
 Dragon Form              Tmut           0%         N/A       100%        7
 Ozocubu's Refrigeration  Ice            0%         4d7       100%        7
 Dragon's Call            Summ           0%         N/A       100%        9


Dungeon Overview and Level Annotations

Branches:
Dungeon (8/15)             Temple (1/1) D:5            Lair (0/5) D:8

Altars:
Ashenzari
Elyvilon
Okawaru
Sif Muna
Trog
Wu Jian

Shops:
D:5 *   D:7 [

Annotations:
D:7 3 runed translucent doors, enile's ghost, novice KoBr


Innate Abilities, Weirdness & Mutations

You have a pair of horns on your head.
You reflexively headbutt those who attack you in melee.


Message History

The orc priest casts a cantrip, but nothing happens.
Something hits you.
You closely miss the orc priest. You headbutt the orc priest.
You kill the orc priest!
The Council accepts your kill.
You barely miss something.
You hear some strange, mumbled words.
A magic dart appears from out of thin air!
The magic dart hits you.
You completely miss something. You headbutt something.
You barely miss the warg. The warg bites you but does no damage.
Something hits you but does no damage. The warg bites you.
You hit something. Your headbutt misses something. You hit the warg.
The warg bites you!
* * * LOW HITPOINT WARNING * * *
Something hits you but does no damage. The warg barely misses you.
You barely miss something. You headbutt something! You closely miss the warg.
Something hits you.
* * * LOW HITPOINT WARNING * * *
The warg bites you!
* * * LOW HITPOINT WARNING * * *
Something hits you but does no damage.
You closely miss something. You closely miss the warg.
The warg bites you but does no damage. The warg bites you.
* * * LOW HITPOINT WARNING * * *
Something hits you but does no damage.
Okay, then.
Aiming: Charm
Press: ? - help, Shift-Dir - straight line, f - warg
Aim: a warg (lightly wounded, chance to affect: 43%)
The warg resists with some effort.
The warg misses you. Something hits you.
* * * LOW HITPOINT WARNING * * *
A warg is nearby!
Unknown command.
You hit something but do no damage. You closely miss the warg.
The warg closely misses you.
You hear some strange, mumbled words.
A magic dart appears from out of thin air!
The magic dart hits you.
You die...

#. #.###. ######.
#.##.##.# #...≈~.
#.##.##.. #.##~~P
#.##.##.# #.##.PP
#.##.##.# #.##P.♣
##.##.##.# #.##♣)♣
#...#.##.###.##♣..
#.{...#...##...♣.♣
#@).##....)#.##P.♣
..(...h#)##.....)))##...
.........#.......).##~~.
..>.................#≈~.
.......##............###
....P.. #.#.#...#....#
.P....# #.#.##.##..#.#
...... #.#........#.#
##. ##.#.#


You could see a warg.

Vanquished Creatures
  Pikel (D:5)
  Eustachio (D:5)
  Edmund (D:4)
  A warg (D:8)
  2 water moccasins
  2 sky beasts
  An orc warrior (D:8)
  An ice beast (D:7)
  An ogre (D:6)
  5 phantoms
  2 centaurs
  A lemure (D:5)
  Blork the orc (D:5)
  4 bullfrogs
  A necrophage (D:6)
  A scorpion (D:6)
  4 wights (D:7)
  4 killer bees
  4 howler monkeys
  4 hounds
  3 jellies
  4 orc priests
  Terence (D:2)
  5 iguanas
  7 orc wizards
  Robin (D:4)
  9 adders
  2 ufetubi
  A worm (D:2)
  2 dart slugs
  24 orcs
  6 endoplasms
  2 giant cockroaches
  14 goblins
  12 hobgoblins
  2 jackals (D:4)
  7 kobolds
  8 quokkas
  5 ball pythons
  4 bats
  12 frilled lizards
  7 rats
180 creatures vanquished.

Vanquished Creatures (others)
  A butterfly (D:8)
1 creature vanquished.

Grand Total: 181 creatures vanquished

Notes
Turn   | Place    | Note
-------+----------+-------------------------------------------
     0 | D:1      | voltaire321 the Minotaur Fighter began the quest for the
                  | Orb.
     0 | D:1      | Reached XP level 1. HP: 19/19 MP: 0/0
   161 | D:1      | Reached XP level 2. HP: 27/27 MP: 1/1
   297 | D:1      | Reached skill level 1 in Dodging
   518 | D:1      | Found a faded altar of an unknown god.
   621 | D:1      | Reached XP level 3. HP: 33/33 MP: 2/2
   706 | D:2      | Reached skill level 1 in Evocations
  1198 | D:2      | Reached XP level 4. HP: 29/40 MP: 3/3
  1294 | D:2      | Identified the +0 short sword "Xair" {pain, rC+ Dex+4
                  | Stlth+}
  1298 | D:2      | Noticed Terence
  1313 | D:2      | Killed Terence
  1886 | D:3      | You fall into a shaft and drop 1 floor!
  1894 | D:4      | Reached skill level 1 in Throwing
  1912 | D:4      | Reached XP level 5. HP: 43/46 MP: 4/4
  2351 | D:4      | Noticed a phantom
  2364 | D:4      | Killed a phantom
  2365 | D:4      | Reached XP level 6. HP: 46/53 MP: 5/5
  2464 | D:4      | Noticed Edmund
  2472 | D:4      | Killed Edmund
  3136 | D:4      | Noticed Robin
  3143 | D:4      | Reached XP level 7. HP: 53/60 MP: 6/6
  3155 | D:4      | Killed Robin
  3480 | D:5      | Entered Level 5 of the Dungeon
  3573 | D:5      | Reached skill level 5 in Shields
  3588 | D:5      | Reached skill level 5 in Fighting
  3588 | D:5      | Reached skill level 5 in Armour
  3881 | D:5      | Noticed Eustachio
  3913 | D:5      | Killed Eustachio
  4280 | D:5      | Reached XP level 8. HP: 34/69 MP: 7/7
  4492 | D:5      | Found a staircase to the Ecumenical Temple.
  4522 | D:5      | Found Qidureta's CLEARANCE SALE!.
  4782 | D:5      | Noticed Pikel
  4801 | D:5      | Killed Pikel
  4802 | D:5      | Reached skill level 5 in Axes
  4912 | D:5      | Noticed Blork the orc
  4926 | D:5      | Killed Blork the orc
  4985 | D:5      | Found a shimmering blue altar of Sif Muna.
  5025 | D:5      | Found a bloodstained altar of Trog.
  5600 | D:6      | Reached XP level 9. HP: 73/78 MP: 8/8
  6066 | D:6      | Reached skill level 5 in Dodging
  6278 | D:7      | Identified the +2 scale mail of Impa {rPois rF+ Will++
                  | Int-5}
  6325 | D:7      | Found Fawned's Armour Shop.
  6482 | D:7      | Found a runed translucent gate.
  6484 | D:7      | Found a runed translucent gate.
  6484 | D:7      | Found a runed translucent gate.
  6564 | D:7      | Noticed a boulder beetle
  6771 | D:7      | Reached skill level 5 in Throwing
  7021 | D:7      | Noticed enile's ghost (novice KoBr)
  7213 | Temple   | Entered the Ecumenical Temple
  7226 | Temple   | Became a worshipper of the Wu Jian Council
  7620 | D:8      | Found a white marble altar of Elyvilon.
  7723 | D:8      | Found a staircase to the Lair.
  7743 | D:8      | HP: 2/79 [something (2)]
  7744 | D:8      | Killed from afar by an orc wizard

Illustrated notes

Levels and vault maps discovered:
D:1:      psy_arrival_terrarium, layout_rooms,
          shapermc_ecumenical_altar_flowoftime, minmay_misc_feat_enclosed,
          minmay_lizard_pond
D:2:      layout_rooms, minmay_indecisive_spiral, uniq_terence
D:3:      layout_rooms
D:4:      cheibrodos_pilgrimage, layout_loops_ring, uniq_edmund, uniq_robin
D:5:      layout_loops_corners, tgw_sif, bloody_trog, temple_doors_e,
          grunt_ministairs_6, nicolae_shop_clearance, uniq_blork_the_orc,
          uniq_pikel, uniq_eustachio
D:6:      layout_basic
D:7:      layout_cave_pools, serial_shops, nicolae_shop_advertising_works
          [nicolae_subvault_shop_adworks], gammafunk_ghost_split
D:8:      layout_loops_ring, nicolae_elyvilon_peaceful_grove,
          erik_lair_orcish_takeover, nicolae_elevator_lobby_plus
Temple:   minmay_crystal_spiral_temple

Skill      XL: |  1  2  3  4  5  6  7  8  9 |
---------------+----------------------------+-----
Dodging        | 1 2 3 4 5 |  5.7
Shields        | 4 5 6 7 |  7.5
Evocations     | 1 2 3 4 |  4.7
Armour         | 4 5 6 7 |  7.4
Fighting       | 4 5 6 7 |  7.4
Axes           | 3 4 5 6 |  6.9
Throwing       | 1 2 3 4 5 |  5.2

Action                   |  1- 3 |  4- 6 |  7- 9 || total
-------------------------+-------+-------+-------++-------
Melee: War axe           |    85 |   115 |   267 ||   467
       Headbutt          |     9 |    16 |    36 ||    61
Throw: Dart              |       |     3 |     8 ||    11
Invok: Lunge             |       |       |     1 ||     1
Evoke: Wand              |       |       |     1 ||     1
  Use: Potion            |       |     1 |       ||     1
Armor: Scale mail        |    42 |    37 |   104 ||   183
       Chain mail        |       |     4 |   132 ||   136
Dodge: Dodged            |    52 |    72 |   155 ||   279
Block: Buckler           |    17 |    20 |   101 ||   138
